Map: Orbital Shipyard

Players

Glückskeks

  • Race: Terran Terran
  • League: Master

Miszu - Winner!

  • Race: Terran Terran
  • League: Master

VOD

Have the link to the VOD?

Description

Time

  • Played on: Feb. 6, 2016, 2:59 p.m.
  • Length: 12:16
Show
View Real Time Build Order
Export as new Build Order

Glückskeks Terran 

Build Orders: Liberator Opening, Reaper Expand, MMM Bio 

Get SALT Encoding   

  12  0:01  SCV  
  13  0:13  SCV  
  14  0:17  Supply Depot  
  14  0:25  SCV  
  15  0:39  SCV  
  15  0:41  Barracks  
  16  0:43  Refinery  
  16  0:51  SCV  
  17  1:03  SCV  
  18  1:15  SCV  
  19  1:27  Reaper, Orbital Command  
  20  1:40  Barracks  
  20  1:47  Command Center  
  19  1:54  SCV  
  19  1:59  Reaper  
  21  2:07  Refinery, SCV  
  22  2:19  SCV  
  23  2:23  Supply Depot  
  23  2:34  Factory  
  23  2:45  Reaper, SCV  
  25  2:57  SCV  
  26  3:09  SCV  
  26  3:10  Orbital Command  
  26  3:17  Barracks Reactor  
  26  3:18  Hellion  
  28  3:20  Starport  
  28  3:21  SCV  
  29  3:33  SCV  
  30  3:37  Engineering Bay  
  30  3:41  Liberator  
  29  3:45  SCV  
  29  3:47  Hellion, SCV  
  33  3:57  SCV  
  33  3:58  Marine x2  
  33  4:00  SCV  
  40  4:09  SCV  
  43  4:10  Factory Tech Lab  
  43  4:12  SCV  
  43  4:15  Supply Depot  
  42  4:21  SCV  
  42  4:24  SCV  
  44  4:27  Marine x2  
  46  4:34  Supply Depot  
  46  4:37  Cyclone, SCV  
  50  4:40  Command Center  
  50  4:43  SCV  
  51  4:46  Marine x2  
  51  4:49  SCV  
  54  4:55  Medivac, SCV  
  54  4:56  Supply Depot x2  
  52  5:30  Siege Tank  
  52  5:31  SCV  
  54  5:41  Barracks Tech Lab  
  54  5:44  SCV  
  52  5:51  SCV  
  52  5:52  Orbital Command  
  52  5:56  SCV  
  51  5:59  Barracks  
  51  6:00  Barracks, Stimpack  
  51  6:02  Widow Mine  
  51  6:03  SCV  
  54  6:05  Marine  
  54  6:08  SCV  
  54  6:15  SCV  
  52  6:18  SCV  
  52  6:20  Refinery  
  52  6:23  Marine  
  52  6:25  SCV  
  55  6:29  SCV  
  55  6:30  Terran Infantry Weapons Level 1, SCV  
  55  6:31  Starport Reactor  
  57  6:37  SCV  
  58  6:41  SCV  
  58  6:42  SCV  
  58  6:45  Marine, Siege Tank  
  58  6:46  Barracks Reactor  
  64  6:47  Barracks Reactor  
  64  6:49  SCV  
  64  6:53  SCV  
  66  6:54  Barracks  
  66  6:55  Refinery  
  66  6:56  Barracks  
  66  6:57  Orbital Command  
  66  6:58  Sensor Tower  
  64  7:03  Marine  
  64  7:08  SCV x2  
  67  7:17  Medivac x2  
  67  7:20  Marine, SCV x2  
  74  7:26  Marine x2  
  74  7:27  Marine x2  
  75  7:38  Marine  
  73  7:44  Marine x2  
  73  7:45  Siege Tank  
  73  7:46  Barracks Reactor  
  73  7:48  Barracks Reactor  
  73  7:50  Supply Depot x2  
  80  7:55  SCV x2  
  80  7:56  Marine  
  81  8:00  Combat Shields  
  81  8:02  Marine x2  
  80  8:14  Marine  
  78  8:20  Marine x2  
  78  8:21  Siege Tank  
  78  8:22  Marine  
  76  8:28  Marine  
  76  8:30  Command Center  
  76  8:33  Marine x3  
  79  8:34  Medivac x2  
  79  8:35  SCV  
  79  8:37  Marine  
  79  8:38  Marine  
  79  8:40  Marine, SCV  
  88  8:44  Orbital Command  
  88  8:46  Marine  
  88  8:47  SCV  
  90  8:51  Marine x3  
  90  8:52  SCV  
  90  8:54  Siege Tank  
  97  8:55  Marine  
  97  8:56  Marine  
  97  8:57  Refinery  
  97  8:58  Marine  
  97  8:59  SCV  
  101  9:02  Supply Depot  
  101  9:03  Supply Depot, Marine  
  101  9:04  SCV  
  101  9:08  Marine  
  101  9:09  Marine x2, Missile Turret  
  106  9:10  Missile Turret  
  106  9:13  Marine, Missile Turret  
  106  9:14  Marine, Missile Turret  
  106  9:15  Marine  
  109  9:21  Barracks  
  109  9:22  Marine, Medivac x2  
  107  9:25  Widow Mine  
  107  9:26  Marine x2  
  107  9:27  Marine  
  93  9:32  Marine  
  93  9:34  Marine x2  
  94  9:40  Marine  
  94  9:44  Marine x2  
  97  9:48  Marine  
  97  9:50  Marine  
  97  9:52  Marine x2  
  98  9:55  SCV x3  
  98  9:57  Barracks  
  98  9:58  Marine  
  103  10:02  Marine  
  104  10:07  Orbital Command  
  104  10:08  SCV x2  
  104  10:09  Marine x2  
  104  10:12  Marine x3  
  111  10:15  Marine, Siege Tank  
  111  10:20  Marine, SCV  
  117  10:22  SCV  
  117  10:26  Marine x2  
  120  10:29  Marine  
  120  10:30  Marine x2  
  120  10:32  SCV  
  120  10:33  Marine  
  125  10:37  Marine  
  125  10:39  Medivac  
  128  10:44  Marine x2, Orbital Command  
  128  10:45  Marine  
  128  10:47  Marine x2, Siege Tank  
  117  10:57  SCV  
  115  11:07  Orbital Command  
  115  11:10  Refinery  
  112  11:13  Refinery, Marine  
  112  11:14  Factory, Engineering Bay  
  112  11:23  Marine  
  113  11:34  Refinery  
  113  11:39  Refinery  
  113  11:46  Sensor Tower  
  113  11:47  SCV x2  
  113  11:48  SCV  
  113  11:51  Marine x2  
Show
View Real Time Build Order
Export as new Build Order

Miszu Terran - Winner!

Build Orders: Bio Tank 

Get SALT Encoding   

  12  0:00  SCV  
  13  0:12  SCV  
  14  0:17  Supply Depot  
  14  0:25  SCV  
  15  0:39  Barracks, SCV  
  16  0:43  Refinery  
  16  0:51  SCV  
  17  1:03  SCV  
  18  1:15  SCV  
  19  1:27  Orbital Command  
  19  1:41  Barracks Reactor  
  19  1:52  Command Center  
  19  1:55  SCV  
  19  2:00  Supply Depot  
  20  2:07  SCV  
  21  2:11  Factory  
  21  2:19  SCV  
  21  2:20  Marine  
  21  2:21  Marine  
  24  2:27  Refinery  
  24  2:31  SCV  
  24  2:43  SCV  
  25  2:47  Marine x2  
  27  2:55  SCV  
  26  3:07  Marine x2, Widow Mine  
  26  3:08  Starport, SCV  
  26  3:10  Orbital Command  
  31  3:20  SCV  
  31  3:24  Marine  
  33  3:32  SCV  
  34  3:37  Marine  
  34  3:39  Factory Tech Lab, SCV  
  36  3:42  Marine  
  36  3:44  SCV  
  36  3:47  Medivac  
  40  3:51  SCV  
  40  3:55  Marine  
  42  3:56  SCV  
  42  3:58  Cyclone  
  46  4:06  Supply Depot  
  46  4:10  Supply Depot  
  46  4:21  SCV  
  46  4:27  Marine, SCV  
  48  4:33  Supply Depot, Command Center, SCV  
  48  4:34  Siege Tank  
  48  4:37  Starport Reactor  
  52  4:40  SCV  
  52  4:43  Barracks  
  52  4:45  SCV  
  54  4:46  Barracks  
  54  4:47  Marine x2  
  54  4:52  SCV  
  57  4:54  Refinery  
  57  4:56  Refinery  
  57  4:57  SCV  
  58  5:04  SCV  
  59  5:09  SCV  
  59  5:20  Marine  
  60  5:23  Marine  
  60  5:24  SCV x2  
  60  5:27  Viking x2  
  63  5:38  Marine  
  63  5:41  Marine, Barracks Tech Lab x2  
  63  5:43  SCV  
  63  5:44  SCV  
  64  5:55  SCV  
  64  5:56  Marine, SCV  
  66  5:58  Supply Depot, Orbital Command  
  66  5:59  Siege Tank  
  68  6:07  Marine x2  
  68  6:08  Marine  
  68  6:10  Medivac, Stimpack, Combat Shields  
  71  6:14  Marine  
  69  6:19  SCV x2, Orbital Command  
  69  6:25  Marine x2  
  70  6:26  Marine  
  70  6:31  SCV  
  70  6:32  Marine, Siege Tank  
  78  6:39  Barracks  
  78  6:41  SCV  
  78  6:42  Barracks  
  78  6:43  Marine  
  80  6:48  SCV x2  
  80  6:52  Engineering Bay  
  80  6:53  SCV  
  83  6:54  Engineering Bay  
  83  7:00  SCV x2  
  87  7:04  Siege Tank  
  87  7:05  Medivac, SCV  
  87  7:07  Medivac  
  93  7:13  Supply Depot  
  93  7:15  Supply Depot  
  93  7:19  Supply Depot  
  93  7:35  SCV  
  94  7:43  Marine x3  
  99  7:45  Barracks Reactor x2, SCV  
  99  7:46  SCV  
  99  7:47  Terran Infantry Weapons Level 1, Terran Infantry Armor Level 1, SCV  
  99  7:50  Supply Depot x2, Medivac, Siege Tank  
  99  7:51  Supply Depot, Medivac  
  107  7:58  SCV x2  
  109  7:59  SCV  
  109  8:00  Marine x2  
  109  8:01  Marine x2  
  114  8:06  Missile Turret  
  114  8:10  SCV, Missile Turret  
  113  8:17  Marine  
  113  8:18  Marine x2  
  113  8:19  Marine  
  107  8:29  Marine  
  107  8:32  Marine  
  107  8:33  Marine x2, Medivac, Siege Tank  
  107  8:34  Medivac  
  115  8:35  Marine, SCV  
  115  8:36  Marine x2  
  115  8:37  Marine  
  115  8:39  Sensor Tower, Missile Turret  
  115  8:41  Refinery x2  
  120  8:47  Marine  
  121  8:50  Marine x2  
  121  8:51  Marine  
  121  8:53  Marine  
  121  8:54  Marine x2  
  127  8:56  Marine, Sensor Tower  
  127  9:01  Factory  
  128  9:05  Marine  
  128  9:07  Armory  
  128  9:08  Marine, Missile Turret  
  130  9:11  Marine  
  130  9:12  Marine x4  
  130  9:15  Siege Tank  
  130  9:16  Missile Turret  
  123  9:31  Marine  
  123  9:32  Marine x7  
  130  9:49  Marine x3  
  130  9:50  Marine x5, Siege Tank  
  141  9:56  Factory Tech Lab  
  141  9:59  Supply Depot x2  
  141  10:08  Supply Depot  
  141  10:20  Marine x6, Medivac  
  141  10:21  Marine x2, Medivac  
  153  10:24  Siege Tank  
  156  10:29  Siege Tank  
  156  10:31  Supply Depot  
  156  10:34  Supply Depot  
  159  10:38  Marine x6  
  159  10:39  Supply Depot  
  165  10:52  Marine x2, Medivac  
  165  10:56  Marine, Siege Tank  
  147  10:59  Marine x5  
  147  11:03  Medivac, Siege Tank  
  143  11:10  Marine x2  
  145  11:13  Marine  
  145  11:17  Marine x2  
  146  11:22  Medivac  
  148  11:26  Marine x3  
  148  11:28  Marine x2, Siege Tank  
  148  11:31  Marine  
  157  11:33  Medivac  
  157  11:34  Marine  
  157  11:35  Marine, Siege Tank  
  164  11:42  Command Center  
  164  11:44  Marine  
  164  11:45  Marine  
Tags
 
Add a new tag
Caveats
  • Supply blocks, unpowered buildings, or Contaminate may cause inaccurate times.
  • Supply counts are checked every 10 seconds.